 Dungeon Crawl Stone Soup version bcrawl-1.19-7-g22fd707d3b (webtiles) character file.

Game seed: 18097102432410404026

74 Freyura the Twirler (level 4, -5/27 HPs)
             Began as a Gargoyle Gladiator on Nov 17, 2019.
             Slain by Sigmund
             ... wielding a +0 scythe
              (8 damage)
             ... on level 3 of the Dungeon.
             The game lasted 00:03:26 (2041 turns).

Freyura the Twirler (Gargoyle Gladiator)            Turns: 2041, Time: 00:03:26

Health: -5/27      AC:  7    Str: 17    XL:     4   Next: 28%
Magic:  4/4        EV: 12    Int:  9    God:
Gold:   67         SH:  0    Dex: 12    Spells: 3/3 levels left

rFire    . . .     SeeInvis .   a - +0 quarterstaff
rCold    . . .     Gourm    .   (shield currently unavailable)
rNeg     + . .     Faith    .   b - +0 leather armour
rPois    ∞         Spirit   .   c - +0 helmet
rElec    +         Reflect  .   (no cloak)
rCorr    .         Harm     .   (no gloves)
MR       .....                  (no boots)
Stlth    +.........             (no amulet)
HPRegen  0.09/turn              (no ring)
MPRegen  0.09/turn              (no ring)

@: no status effects
A: negative energy resistance 1, electricity resistance, unbreathing,
petrification resistance, rot immunity, AC +3
a: no special abilities


You were on level 3 of the Dungeon.
You were hungry.

You visited 1 branch of the dungeon, and saw 3 of its levels.

You collected 67 gold pieces.

Inventory:

Hand Weapons
 a - a +0 quarterstaff (weapon)
Missiles
 d - 3 throwing nets (quivered) {!f}
Armour
 b - a +0 leather armour (worn)
 c - a +0 helmet (worn)
 k - a +0 plate armour
Jewellery
 q - an uncursed ring of poison resistance {unknown}
Wands
 n - a wand of flame (19)
Scrolls
 i - a scroll of teleportation {unknown}
 j - 3 scrolls of identify {unknown}
 m - a scroll of magic mapping {unknown}
 p - a scroll of immolation {unknown}
 r - 3 scrolls of fog {unknown}
Potions
 e - a potion of haste {unknown}
 g - a potion of flight {unknown}
 h - a potion of degeneration {unknown}
 l - a potion of berserk rage {unknown}
 o - a potion of lignification {unknown}
Comestibles
 f - 5 rations {!d}


   Skills:
 + Level 2.9 Fighting
 * Level 3.9 Staves
 - Level 1.7 Throwing
 + Level 1.6 Armour
 + Level 2.8 Dodging


You had 3 spell levels left.
You didn't know any spells.
Your spell library was empty.

Dungeon Overview and Level Annotations

Branches:
Dungeon (3/12)

Altars:
Dithmenos
Fedhas

Annotations:
D:3 Sigmund


Innate Abilities, Weirdness & Mutations

You are resistant to torment.
Your stone body is resilient. (AC +3)
You are immune to poison.
You resist negative energy. (rN+)
You are resistant to electric shocks. (rElec)
You can survive without breathing.
You are immune to petrification.
You are immune to rotting.


Message History

The hobgoblin hits you.
You bump into the rock wall.
The hobgoblin barely misses you.
You hit the hobgoblin but do no damage.
You feel less confused. The hobgoblin barely misses you.
You barely miss the hobgoblin. The hobgoblin barely misses you.
Something hits you but does no damage.
You thump the hobgoblin!
You kill the hobgoblin!
A magic dart appears from out of thin air!
The magic dart hits you! Something hits you!
* * * LOW HITPOINT WARNING * * *
Something hits you.
* * * LOW HITPOINT WARNING * * *
You closely miss something. Something hits you but does no damage.
You hit something.
You are feeling hungry.
You closely miss something. Something hits you!
You die...

#. .########## #.
..........# #. ####
..........######. ...
..........+...... ..
..........##.....#.#
..........##....§..#
..........#######.##
.!........{@..§#§§§##
..........###.#§#§#§#######
$.........# #.§§§_§§§......
.../......# ###§#.#.#..####
...######## ##.§.#...# ...
+#.#....# .. #.......#
#...†)..# #.......#


There were no monsters in sight!

Vanquished Creatures
  Jessica (D:2)
  2 worms (D:2)
  A dart slug (D:2)
  3 leopard geckos
  An orc (D:2)
  3 giant cockroaches
  7 hobgoblins
  2 jackals (D:2)
  2 kobolds
  5 bats
  4 frilled lizards (D:1)
  4 rats
35 creatures vanquished.

Notes
Turn   | Place    | Note
-------+----------+-------------------------------------------
     0 | D:1      | Freyura the Gargoyle Gladiator began the quest for the Orb.
     0 | D:1      | Reached XP level 1. HP: 12/12 MP: 1/1
   283 | D:1      | Reached XP level 2. HP: 18/18 MP: 2/2
   932 | D:2      | Found a blossoming altar of Fedhas.
  1125 | D:2      | Reached skill level 1 in Armour
  1163 | D:2      | Reached XP level 3. HP: 21/22 MP: 3/3
  1300 | D:2      | Noticed an ice beast
  1336 | D:2      | Noticed Jessica
  1342 | D:2      | Killed Jessica
  1342 | D:2      | Reached XP level 4. HP: 27/27 MP: 4/4
  1998 | D:3      | Found a shadowy altar of Dithmenos.
  2018 | D:3      | Noticed Sigmund
  2041 | D:3      | Slain by Sigmund

Skill      XL: |  1  2 |
---------------+-------+-----
Armour         | 1 |  1.6
Fighting       | |  2.9
Staves         | |  3.9
Throwing       | |  1.7
Dodging        | |  2.8

Action                   |  1- 3 |  4- 6 || total
-------------------------+-------+-------++-------
Melee: Quarterstaff      |    50 |    34 ||    84
  Eat: Chunk             |     1 |     2 ||     3
Armor: Leather armour    |    23 |    13 ||    36
Dodge: Dodged            |    27 |    25 ||    52
